 Dungeon Crawl Stone Soup version 0.18.1-5-g4a78601 (webtiles) character file.

669 Arkorax the Skirmisher (level 7, 0/68 HPs)
             Began as a Naga Fighter on May 10, 2016.
             Was an Initiate of the Shining One.
             Slain by an orc
             ... wielding a +0 mace
              (6 damage)
             ... on level 5 of the Dungeon.
             The game lasted 00:06:11 (4700 turns).

Arkorax the Skirmisher (Naga Fighter)               Turns: 4700, Time: 00:06:12

Health: 0/68       AC:  5    Str: 20    XL:     7   Next: 58%
Magic:  7/7        EV:  7    Int:  9    God:    the Shining One [......]
Gold:   107        SH:  9    Dex: 10    Spells: 0 memorised, 6 levels left

rFire  . . .     SeeInvis +     a - +0 long sword
rCold  . . .     Gourm    .     b - +0 scale mail
rNeg   . . .     Faith    .     c - +0 shield
rPois  +         Spirit   .     (no helmet)
rElec  .         Dismiss  .     (no cloak)
rCorr  .         Reflect  .     (no gloves)
SustAt .         Harm     .     (no barding)
MR     +....                    (no amulet)
Stlth  ..........               D - +2 ring of evasion
                                v - ring of protection from magic

@: glowing, very slow, somewhat resistant to hostile enchantments, extremely
unstealthy
A: see invisible, deformed body, poison resistance, slowness 2, slow metabolism
1, spit poison 2, AC +2
a: Spit Poison, Renounce Religion


You were on level 5 of the Dungeon.
You worshipped the Shining One.
The Shining One was noncommittal.
You were not hungry.

You visited 2 branches of the dungeon, and saw 6 of its levels.

You collected 107 gold pieces.

Inventory:

Hand Weapons
 a - a +0 long sword (weapon)
Armour
 b - a +0 scale mail (worn)
 c - a +0 shield (worn)
 y - a +0 chain mail
Jewellery
 v - a ring of protection from magic (left hand)
 D - a +2 ring of evasion (right hand)
Wands
 x - a wand of random effects (0/48)
Scrolls
 d - a scroll of blinking {unknown}
 i - a scroll of teleportation {unknown}
 k - a scroll of identify {unknown}
 l - 2 scrolls of fear {unknown}
 m - 5 scrolls of recharging {unknown}
 n - a scroll of amnesia {unknown}
 r - a scroll of noise {unknown}
 t - 2 scrolls of immolation {unknown}
 u - 2 scrolls of enchant armour {unknown}
 w - a scroll of remove curse {unknown}
Potions
 h - 2 potions of flight
 o - 2 potions of mutation {unknown}
 p - a potion of brilliance {unknown}
Comestibles
 f - a bread ration
 g - 3 fruits
 q - 3 beef jerkies
 s - 7 chunks of flesh
 z - a meat ration


   Skills:
 * Level 5.9 Fighting
 * Level 5.3 Long Blades
 - Level 2.4 Armour
 + Level 3.8 Shields


You had 6 spell levels left.
You didn't know any spells.

Dungeon Overview and Level Annotations

Branches:
Dungeon (5/15)             Temple (1/1) D:4

Altars:
Ashenzari
Dithmenos
Elyvilon
Kikubaaqudgha
Okawaru
Pakellas
Qazlal
Ru
Sif Muna
Trog
Vehumet
The Shining One


Innate Abilities, Weirdness & Mutations

You cannot wear boots.
Your serpentine skin is tough (AC +2).
You have supernaturally acute eyesight.
Armour fits poorly on your strangely shaped body.
Your system is resistant to poisons.
You cover ground very slowly.
You have a slow metabolism.
You can spit poison.


Message History

Poisoning this monster would place you under penance.
Continue anyway?
Unknown command.
Unknown command.
Unknown command.
You hit the orc wizard.
The orc wizard is almost dead.
The orc wizard points at you and mumbles some strange words.
The puff of frost hits you!
* * * LOW HITPOINT WARNING * * *
The orc wizard points at you and mumbles some strange words.
The puff of frost hits you!
* * * LOW HITPOINT WARNING * * *
You hit the orc wizard.
You kill the orc wizard!
The orc barely misses you.
You barely miss the orc. The orc barely misses you.
Your shield and scale mail prevent you from hitting the orc.
The orc wizard casts a spell.
The orc wizard blinks!
The orc hits you with a mace.
You die...

#..o. #....
#.... +....
#....###########
#..oo...#......
#o..........
#o##.#.#######
#@#......รท))<#
#.#..#.#######
#.#..#.#
#.#..#.#
#.#..#.#
#.#.=#.#
#.#..#.#
#.####.# #..


You could see an orc wizard and 3 orcs.

Vanquished Creatures
  A phantom (D:4)
  A gnoll sergeant (D:5)
  A scorpion (D:3)
  A howler monkey (D:4)
  2 hounds (D:4)
  3 orc wizards
  A worker ant (D:4)
  A worker ant zombie (D:3)
  14 gnolls
  2 adders
  2 worms (D:2)
  6 dart slugs
  A giant gecko (D:2)
  9 orcs
  5 bats
  6 giant cockroaches
  4 goblins
  5 hobgoblins
  3 jackals (D:2)
  4 kobolds
  6 quokkas
  2 giant newts
  A quokka skeleton (D:4)
  7 rats
  A plant (D:2)
89 creatures vanquished.

Notes
Turn   | Place    | Note
--------------------------------------------------------------
     0 | D:1      | Arkorax the Naga Fighter began the quest for the Orb.
     0 | D:1      | Reached XP level 1. HP: 21/21 MP: 1/1
   142 | D:1      | Reached XP level 2. HP: 8/28 MP: 2/2
   525 | D:1      | Reached XP level 3. HP: 34/34 MP: 3/3
   792 | D:2      | Reached XP level 4. HP: 15/44 MP: 4/4
  1270 | D:2      | Reached XP level 5. HP: 24/50 MP: 5/5
  2324 | D:3      | Found a bloodstained altar of Trog.
  2512 | D:3      | Reached XP level 6. HP: 8/58 MP: 6/6
  3255 | D:4      | Noticed a phantom
  3292 | D:4      | Killed a phantom
  3292 | D:4      | Reached skill level 5 in Fighting
  3536 | D:4      | Reached XP level 7. HP: 43/67 MP: 7/7
  3704 | D:4      | Found a staircase to the Ecumenical Temple.
  3879 | Temple   | Entered the Ecumenical Temple
  3919 | Temple   | Became a worshipper of the Shining One
  4295 | D:5      | Entered Level 5 of the Dungeon
  4616 | D:5      | Reached skill level 5 in Long Blades
  4700 | D:5      | Slain by an orc

Skill      XL: |  1  2  3  4  5  6  7 |
---------------+----------------------+-----
Long Blades    | 3 4 5 |  5.3
Fighting       | 4 5 |  5.9
Shields        | 3 |  3.8
Armour         | |  2.4

Action                   |  1- 3 |  4- 6 |  7- 9 || total
-------------------------+-------+-------+-------++-------
Melee: Long sword        |    62 |   227 |    94 ||   383
 Abil: Spit Poison       |     1 |       |       ||     1
Evoke: Wand              |       |     6 |       ||     6
  Use: Potion            |     1 |     3 |     6 ||    10
  Eat: Chunk             |       |     2 |     1 ||     3
       Bread ration      |       |     1 |     1 ||     2
Armor: Scale mail        |    22 |    95 |    13 ||   130
       Skin              |       |       |    18 ||    18
Dodge: Dodged            |    11 |    39 |    21 ||    71
Block: Shield            |    26 |   116 |    30 ||   172
